 Dungeon Crawl Stone Soup version 0.16-b1 (webtiles) character file.

396 dysrexia the Cudgeler (level 6, -17/30 HPs)
             Began as a Vine Stalker Gladiator on Mar 3, 2015.
             Killed from afar by Ijyb (22 damage)
             ... with a wand of cold
             ... on level 4 of the Dungeon.
             The game lasted 00:10:01 (2055 turns).

dysrexia the Cudgeler (Vine Stalker Gladiator)      Turns: 2055, Time: 00:10:01

Health: -17/30     AC:  4    Str: 19    XL:     6   Next: 82%
Magic:  0/8        EV: 12    Int:  8    God:
Gold:   186        SH:  0    Dex: 15    Spells: 0 memorised, 5 levels left

rFire  + . .     SeeInvis .     a - +1 flail
rCold  . . .     Clarity  .     b - +0 leather armour
rNeg   . . .     SustAb   .     (no shield)
rPois  .         Gourm    +     c - +0 helmet
rElec  .         Spirit   +     (no cloak)
rCorr  .         Warding  .     (no gloves)
rMut   .         Stasis   .     (no boots)
MR     .....                    q - amulet of the gourmand
Stlth  +.........               (no ring)
                                w - ring of protection from fire

@: very slightly contaminated, invisible, not resistant to hostile enchantments,
very unstealthy
A: fangs 2, regeneration 2, magic shield, antimagic bite, no device heal 3, rot
immunity
a: no special abilities


You were on level 4 of the Dungeon.
You were not hungry.

You visited 1 branch of the dungeon, and saw 4 of its levels.

You collected 186 gold pieces.

Inventory:

Hand weapons
 a - a +1 flail (weapon)
Missiles
 d - 3 throwing nets (quivered)
 p - 5 javelins of penetration
Armour
 b - a +0 leather armour (worn)
 c - a +0 helmet (worn)
 j - a +0 pair of boots
Jewellery
 q - an amulet of the gourmand (around neck)
 w - a ring of protection from fire (left hand)
Scrolls
 i - a scroll of remove curse
 m - a scroll of amnesia
 u - a scroll of identify
Potions
 e - a potion of curing
 k - a potion of invisibility
 o - a potion of beneficial mutation {unknown}
 r - a potion of restore abilities {unknown}
 s - a potion of poison {unknown}
 t - 2 potions of degeneration
 v - a potion of cancellation {unknown}
 z - a potion of ambrosia {unknown}
Comestibles
 f - 3 bread rations
 g - a slice of pizza
 h - 2 meat rations
 l - 2 chunks of flesh
 x - a beef jerky


   Skills:
 - Level 1.7 Fighting
 + Level 6.8 Maces & Flails
 - Level 1.7 Throwing
 - Level 2.4 Dodging


You had 5 spell levels left.
You didn't know any spells.

Dungeon Overview and Level Annotations

Branches:
Dungeon (4/15)
 Temple: D:4-7

Altars:

Annotations:
D:4 Dowan, Ijyb


Innate Abilities, Weirdness & Mutations

You have extremely sharp teeth.
You heal very quickly.
When hurt, damage is shared between your health and your magic reserves.
Your bite disrupts and absorbs the magic of your enemies.
Potions and wands cannot restore your health.
You are immune to rotting.


Message History

The jackal bites you but does no damage.
Ijyb hits you with a club.
* * * LOW HITPOINT WARNING * * *
The jackal bites you but does no damage.
The jackal misses you.
Drink which item? (? for menu, Esc to quit)
You fade into invisibility!
The jackal closely misses you. Ijyb hits you but does no damage.
The jackal bites you.
* * * LOW HITPOINT WARNING * * *
The jackal barely misses you.
You are very lightly contaminated with residual magic.
Ijyb screams, "Me very upset!"
Ijyb zaps a wand.
The bolt of cold hits the jackal.
The jackal dies!
The bolt of cold misses you.
Ijyb zaps a wand.
The bolt of cold misses the jackal.
The bolt of cold hits you!
Ouch! That really hurt!
You die...

..... #####
....?.##.....
...............
#..............
#..............#
#....g.........+
#..............#
#.#....h.......###
........#@..##.....
........#..........
........#...........
.......#...........
§.....#...........
≈....#...........
≈...#...........
.#...........
#...........


You could see Ijyb and a jackal.

Vanquished Creatures
  The ghost of toofou the Slasher, an average MiBe of Trog (D:3)
  Duvessa (D:4)
  A crimson imp (D:3)
  A hound (D:4)
  5 gnolls
  7 adders
  A worm (D:3)
  2 giant geckos
  2 oozes
  An orc (D:3)
  A ball python (D:2)
  5 bats
  A giant cockroach (D:2)
  7 goblins
  8 hobgoblins
  5 kobolds
  2 giant newts (D:3)
  10 rats
61 creatures vanquished.

Vanquished Creatures (others)
  A jackal (D:4)
1 creature vanquished.

Grand Total: 62 creatures vanquished

Notes
Turn   | Place    | Note
--------------------------------------------------------------
     0 | D:1      | dysrexia, the Vine Stalker Gladiator, began the quest for the Orb.
     0 | D:1      | Reached XP level 1. HP: 11/11 MP: 1/1
   100 | D:1      | Reached skill level 3 in Maces & Flails
   100 | D:1      | Reached XP level 2. HP: 4/15 MP: 0/3
   415 | D:1      | Reached XP level 3. HP: 12/18 MP: 2/4
   701 | D:2      | Reached skill level 4 in Maces & Flails
   728 | D:1      | Reached XP level 4. HP: 11/23 MP: 5/5
  1182 | D:3      | Reached skill level 5 in Maces & Flails
  1182 | D:3      | Reached XP level 5. HP: 24/26 MP: 5/7
  1513 | D:3      | Noticed toofou's ghost (average MiBe)
  1709 | D:4      | Noticed Dowan
  1712 | D:4      | Noticed Duvessa
  1797 | D:3      | Killed toofou's ghost
  1797 | D:3      | Reached skill level 6 in Maces & Flails
  1797 | D:3      | Gained mutation: You heal very quickly. [vine stalker growth]
  1797 | D:3      | Reached XP level 6. HP: 5/30 MP: 3/8
  1954 | D:4      | Killed Duvessa
  2046 | D:4      | Noticed Ijyb
  2055 | D:4      | Killed from afar by Ijyb

Action                   |  1- 3 |  4- 6 || total
-------------------------+-------+-------++-------
Melee: Flail             |    63 |   147 ||   210
Throw: Throwing net      |     1 |       ||     1
  Use: Scroll            |       |    12 ||    12
       Potion            |       |     3 ||     3
  Eat: Chunk             |       |     4 ||     4
